 Dungeon Crawl Stone Soup version 0.30-a0-939-gc8157cb160 (console) character file.

Game seed: 1405218803793321785

74 utis the Covered (level 4, -7/27 HPs)
             Began as a Tengu Wanderer on Mar 26, 2023.
             Mangled by an ogre
             ... wielding a +0 giant club
              (18 damage)
             ... on level 3 of the Dungeon.
             The game lasted 00:05:01 (2861 turns).

utis the Covered (Tengu Wanderer)                   Turns: 2861, Time: 00:05:01

Health: -7/27      AC:  9    Str: 14    XL:     4   Next: 28%
Magic:  5/5        EV:  7    Int: 11    God:
Gold:   60         SH:  0    Dex: 15    Spells: 3/3 levels left

rFire   . . .      SeeInvis .    a - +2 dagger (drain)
rCold   . . .      Faith    .    (no shield)
rNeg    . . .      Spirit   .    b - +0 chain mail
rPois   .          Reflect  .    (helmet restricted)
rElec   .          Rampage  .    g - scarf {repulsion}
rCorr   .                        (no gloves)
Will    .....                    (boots unavailable) Stlth
                                 (no amulet)
HPRegen 0.24/turn                (no ring)
MPRegen 0.09/turn                (no ring)

@: repel missiles
A: beak, talons 3
a: no special abilities


You were on level 3 of the Dungeon.
You visited 1 branch of the dungeon, and saw 4 of its levels.

You collected 60 gold pieces.

Inventory:

Hand Weapons
 a - a +2 dagger of draining (weapon)
 d - a +0 dagger
 f - a +0 sling
Missiles
 c - 9 boomerangs (quivered)
 o - 27 stones
Armour
 b - a +0 chain mail (worn)
 g - a scarf of repulsion (worn)
 s - the +3 leather armour "Roer" {Int-3 Slay+2 Stlth+}
   (You took it off a hobgoblin on level 3 of the Dungeon)

   Int:       It affects your intelligence (-3).
   Slay:      It affects your accuracy & damage with ranged weapons and melee
   (+2).
   Stlth:     It makes you more stealthy.
Magical Staves
 n - a staff of death
Scrolls
 h - a scroll of blinking {unknown}
 j - 4 scrolls of identify {unknown}
 k - a scroll of silence {unknown}
 l - a scroll of enchant armour {unknown}
 m - 3 scrolls of teleportation {unknown}
 r - a scroll of brand weapon {unknown}
 v - a scroll of poison {unknown}
 w - a scroll of acquirement {unknown}
Potions
 e - 3 potions of heal wounds {@q2}
 i - a potion of cancellation {unknown}
 p - 4 potions of brilliance {unknown}
 q - a potion of lignification {unknown}
 t - a potion of curing {unknown}
 u - a potion of haste {unknown}


   Skills:
 + Level 2.7 Fighting
 + Level 1.8 Short Blades
 - Level 2.1 Ranged Weapons
 - Level 2.0 Throwing
 + Level 3.9 Armour
 + Level 2.3 Dodging


You had 3 spell levels left.
You didn't know any spells.
Your spell library contained the following spells:

 Spells                   Type           Power      Damage    Failure   Level
 Sandblast                Erth           0%         2d4       100%        1
 Ensorcelled Hibernation  Hex/Ice        0%         N/A       100%        2
 Passwall                 Tmut/Erth      0%         N/A       100%        2
 Frozen Ramparts          Ice            0%         1d1       100%        3
 Kindle Blastsparks       Fire/Tloc/Air  0%         2d10      100%        3
 Ozocubu's Armour         Ice            0%         N/A       100%        3
 Stone Arrow              Conj/Erth      0%         3d7       100%        3
 Fulminant Prism          Conj/Hex       0%         3d5       100%        4
 Iskenderun's Mystic Bla  Conj/Tloc      0%         2d3       100%        4
 Lee's Rapid Deconstruct  Erth           0%         3d4*      100%        5
 Simulacrum               Ice/Necr       0%         N/A       100%        6
 Dragon Form              Tmut           0%         N/A       100%        7
 Ozocubu's Refrigeration  Ice            0%         4d7       100%        7


Dungeon Overview and Level Annotations

Branches:
Dungeon (4/15)
 Temple: D:4-7

Altars:

Annotations:
D:1 1 transporter


Innate Abilities, Weirdness & Mutations

You have a beak for a mouth.
You have claws for feet.


Message History

There is a stone staircase leading down here.
A rat comes into view.
A rat is nearby!
You hit the rat but do no damage. You hit the rat.
You kill the rat!
No target in view!
There is a stone staircase leading down here.
There is a stone staircase leading down here.
There is a stone staircase leading down here.
Done exploring.
Done exploring.
Search for what [Enter for "."]? .
Unknown command.
Unknown command.
(D) Dungeon
Where to? (Enter - D:3 @ (x,y), ? - help)
There is a stone staircase leading down here.
You climb downwards.
The orc shouts!
Found a scroll labelled JUQOUNWASM and 6 gold pieces.
Found an escape hatch in the ceiling.
Found two stone staircases leading down.
There is a stone staircase leading up here.
There are monsters nearby!
The ogre closely misses you.
You climb upwards.
There is a stone staircase leading down here.
You hit the ogre. You claw the ogre.
The ogre is lightly wounded.
The ogre hits you with a +0 giant club!
Ouch! That really hurt!
* * * LOW HITPOINT WARNING * * *
You hit the ogre. You claw the ogre.
The ogre is moderately wounded.
The ogre attacks as you move away! The ogre barely misses you.
The ogre attacks as you move away!
The ogre hits you with a +0 giant club!!
Ouch! That really hurt!
You die...

░░░░░░░░░░░░░░░░░░
░░░░░................░
................QO>░.░
░░░░░.░░░░░░░░░░░░.░.░░░░░░
░░ ░.░ ░.░......░ .░ ░.░
░.░░░░░░.░░░░░░░ .░ ░░'░░░
░░░░░ ░....░ ░.......░
.░░░....░ ░...░ ░.░░.░
░░░░░░░.░ ...░....░ ░.░.░
░.░░.░ ░.░ ░░.░....░ ░.░.░
░.░░.░ ░░░░░.░ ░.░░.░░░
░.░.░ ░.░░.░ ░.....░


You could see an ogre.

Vanquished Creatures
  An adder (D:3)
  3 worms (D:2)
  A dart slug (D:2)
  An orc (D:3)
  3 endoplasms
  6 goblins
  5 hobgoblins
  2 jackals (D:1)
  4 kobolds
  3 quokkas
  5 ball pythons
  5 bats
  2 frilled lizards
  9 rats
50 creatures vanquished.

Notes
Turn   | Place    | Note
-------+----------+-------------------------------------------
     0 | D:1      | utis the Tengu Wanderer began the quest for the Orb.
     0 | D:1      | utis set off with the following items: a +0 sling, a +0
                  | chain mail, 9 boomerangs, a +0 dagger, a potion of heal
                  | wounds {@q2}.
     0 | D:1      | Reached XP level 1. HP: 12/12 MP: 2/2
    75 | D:1      | Reached XP level 2. HP: 11/17 MP: 3/3
   571 | D:1      | Reached skill level 1 in Short Blades
   604 | D:1      | Got Sif Muna's Precepts of the Remoulded Iceberg
   635 | D:1      | Reached XP level 3. HP: 22/22 MP: 4/4
  1927 | D:3      | Reached XP level 4. HP: 27/27 MP: 5/5
  1956 | D:3      | Identified the +3 leather armour "Roer" {Int-3 Slay+2
                  | Stlth+}
  2851 | D:4      | Noticed an ogre
  2861 | D:3      | Mangled by an ogre

Illustrated notes

Levels and vault maps discovered:
D:1:      spicycebolla_arrival_risky_transporter, layout_rooms,
          minmay_tree_intersection
D:2:      layout_basic
D:3:      layout_basic
D:4:      layout_basic, regret_index_temple_of_mockery, serial_shops,
          shop_statue, gammafunk_ghost_smash

Skill      XL: |  1  2  3 |
---------------+----------+-----
Short Blades   | 1 |  1.8
Dodging        | 2 |  2.3
Fighting       | |  2.7
Ranged Weapons | |  2.1
Throwing       | |  2.0
Armour         | |  3.9

Action                     |  1- 3 |  4- 6 || total
---------------------------+-------+-------++-------
  Melee: Dagger            |    70 |    29 ||    99
         Kick              |    22 |     8 ||    30
         Peck              |     8 |     2 ||    10
         Punch             |     1 |       ||     1
   Fire: Sling             |     5 |       ||     5
 Armour: Chain mail        |    24 |    10 ||    34
  Dodge: Dodged            |    18 |    10 ||    28

Table legend: (Time is in decaauts)
 A = Elapsed time spent in this place.
 B = Non-inter-level travel time spent in this place.
 C = Inter-level travel time spent in this place.
 D = Time resting spent in this place.
 E = Time spent auto-exploring this place.
 F = Levels seen in this place.
 G = Mean time per level.
                   A        B        C        D        E       F      G
               +--------+--------+--------+--------+--------+-----+--------+
         Total |   2859 |   2760 |     99 |    252 |   2072 |   4 |  714.8 |
       Dungeon |   2859 |   2760 |     99 |    252 |   2072 |   4 |  714.8 |
               +--------+--------+--------+--------+--------+-----+--------+

Top non-repeatable levels by time:
     D:3: 990 daAuts
     D:1: 956 daAuts
     D:2: 907 daAuts
     D:4: 4 daAuts
